 Dungeon Crawl Stone Soup version 0.29-a0-506-ga2e7fffb44 (webtiles) character file.

Game seed: 7080202542756635324

6163 croobank the Firebug (level 10, 0/73 (77) HPs)
             Began as a Grey Draconian Fire Elementalist on May 28, 2022.
             Was an Initiate of Gozag.
             Slain by Psyche
             ... wielding a +0 dagger of chaos
              (1 damage)
             ... on level 8 of the Dungeon.
             The game lasted 00:51:56 (11609 turns).

croobank the Firebug (DrFE)                        Turns: 11609, Time: 00:52:03

HP:   0/73 (77)     AC:  0    Str: 11    XL:     10   Next: 60%
MP:   17/17         EV: 16    Int: 19    God:    Gozag
Gold: 1188          SH:  0    Dex: 12    Spells: 0/18 levels left

rFire   . . .      SeeInvis .   (weapon currently unavailable)
rCold   . . .      Faith    .   (shield currently unavailable)
rNeg    . . .      Spirit   .   (body armour unavailable)
rPois   .          Reflect  .   (helmet currently unavailable)
rElec   .          Harm     .   (cloak currently unavailable)
rCorr   .          Rampage  .   (gloves currently unavailable)
Will    .....                   (boots currently unavailable)
Stlth   +.........              T - amulet of the acrobat
HPRegen 0.22/turn               (ring currently unavailable)
MPRegen 0.15/turn               (ring currently unavailable)

@: confused, lethally poisoned (0 -> -12), pig-form, ambrosia-drunk, drained,
very quick
A: fast, no casting, AC +12, (amphibious), small, unfitting armour,
(cold-blooded)
a: Renounce Religion, Potion Petition, Call Merchant, Bribe Branch


You were on level 8 of the Dungeon.
You worshipped Gozag.
Gozag was most pleased with you.
You were a filthy swine.
You visited 2 branches of the dungeon, and saw 9 of its levels.
You also visited: Sewer and Ossuary.

You collected 1339 gold pieces.
You paid 151 gold pieces to Gozag.

Inventory:

Hand Weapons
 b - a +0 hunting sling of flaming
 h - a +0 vampiric dagger
 i - a +1 dagger of electrocution
 k - a +1 demon whip of venom
 r - a +0 war axe
 A - a +0 scimitar of flaming
 B - the +9 trident of Severance (melded) {drain, Int+9}
   (You took it off an orc on level 8 of the Dungeon)

   A truly terrible weapon, it drains the life of any living foe it strikes.
   Int:       It affects your intelligence (+9).
 M - a +3 hand axe
 R - a +0 dire flail
Missiles
 c - 31 poisoned darts
 g - 256 stones
 n - 3 curare-tipped darts (quivered)
 K - a throwing net
Armour
 o - a +2 buckler (melded)
 s - a +0 pair of gloves (melded)
Magical Staves
 j - a staff of poison
 t - a staff of cold
 v - a staff of air
 x - a staff of fire
 y - a staff of death
Jewellery
 f - a ring of flight (melded)
 Q - a ring of wizardry (melded)
 T - an amulet of the acrobat (around neck)
Wands
 p - a wand of polymorph (11)
 G - a wand of charming (7)
 I - a wand of flame (26)
 J - a wand of paralysis (3)
 L - a wand of digging (4)
 P - a wand of iceblast (14)
Scrolls
 e - 9 scrolls of teleportation
 l - 2 scrolls of magic mapping
 q - a scroll of fog
 z - a scroll of amnesia
 D - a scroll of enchant armour {unknown}
 E - 2 scrolls of brand weapon
 H - a scroll of acquirement {unknown}
 N - a scroll of identify
Potions
 d - 7 potions of flight
 m - 5 potions of lignification


   Skills:
 - Level 3.4 Fighting
 - Level 4.9 Dodging
 - Level 5.3 Stealth
 - Level 4.9 Spellcasting
 - Level 5.1 Conjurations
 - Level 2.6 Hexes
 + Level 5.8 Transmutations
 - Level 5.9 Fire Magic
 + Level 5.8 Ice Magic
 + Level 5.8 Poison Magic


You couldn't memorise any spells.
You knew the following spells:

 Your Spells              Type           Power      Damage    Failure   Level
a - Foxfire               Conj/Fire      100%       2x1d9     1%          1
b - Scorch                Fire           54%        2d7       1%          2
c - Flame Wave            Conj/Fire      25%        2d7       13%         4
d - Tukima's Dance        Hex            14%        N/A       13%         3
e - Spider Form           Tmut/Pois      26%        N/A       3%          3
f - Blade Hands           Tmut           13%        N/A       32%         5

Your spell library contained the following spells:

 Spells                   Type           Power      Damage    Failure   Level
 Sting                    Tmut/Pois      100%       1d8       1%          1
 Ensorcelled Hibernation  Hex/Ice        40%        N/A       3%          2
 Conjure Flame            Conj/Fire      25%        6-21      3%          3
 Passwall                 Tmut/Erth      12%        N/A       6%          2
 Inner Flame              Hex/Fire       21%        N/A       6%          3
 Ice Form                 Ice/Tmut       26%        N/A       12%         4
 Necrotize                Necr           16%        1d4       13%         1
 Portal Projectile        Hex/Tloc       18%        N/A       22%         3
 Swiftness                Air            4%         N/A       36%         3
 Vampiric Draining        Necr           4%         2d6       36%         3
 Anguish                  Hex/Necr       4%         N/A       58%         4
 Freezing Cloud           Conj/Ice/Air   9%         6-21      61%         5
 Agony                    Necr           4%         N/A       98%         5
 Lehudib's Crystal Spear  Conj/Erth      7%         10d3      100%        8
 Polar Vortex             Ice            13%        N/A       100%        9
 Simulacrum               Ice/Necr       Unusable   N/A       N/A         6

Dungeon Overview and Level Annotations

Branches:
Dungeon (8/15)             Temple (1/1) D:5            Lair (0/6) D:8
  Sewer (visited)         Ossuary (visited)

Altars:
Ashenzari
Cheibriados
Dithmenos
Elyvilon
Fedhas
Gozag
Hepliaklqana
Makhleb
Nemelex Xobeh
Okawaru
Qazlal
Ru
Sif Muna
Trog
Uskayaw
Vehumet
Wu Jian
Xom
Yredelemnul
Zin
The Shining One

Annotations:
D:8 Psyche


Innate Abilities, Weirdness & Mutations

You are a filthy swine.
You move quickly.
Your equipment is almost entirely melded.
You are incapable of wielding weapons or throwing items.
You cannot cast spells.
((Your dull iron-grey scales are very hard. (AC +12)))
((You are amphibious.))
You cannot fit into any form of body armour.
((You are cold-blooded and may be slowed by cold attacks.))


Message History

You are lethally poisoned!
Something completely misses you.
You completely miss something.
* * * LOW HITPOINT WARNING * * *
You feel very sick. Something hits you.
* * * LOW HITPOINT WARNING * * *
Okay, then.
You are too confused!
Non-targeted confused throw: throwing net
Press: ? - help, Q - select action, (/) - cycle Dir - look around, f - activate You can't do that in your present form.
Unknown command.
You completely miss something.
* * * LOW HITPOINT WARNING * * *
You feel very sick.
You hear some strange, mumbled words.
A swirling arc of seething chaos appears!
An arc of chaos appears from out of thin air!
The arc of chaos hits you.
* * * LOW HITPOINT WARNING * * *
The arc of chaos hits you.
* * * LOW HITPOINT WARNING * * *
Okay, then.
You miss something.
* * * LOW HITPOINT WARNING * * *
You feel very sick. Something hits you.
* * * LOW HITPOINT WARNING * * *
You feel your power leaking away.
Okay, then.
You are too confused!
Okay, then.
You completely miss something.
* * * LOW HITPOINT WARNING * * *
You feel sick. Something hits you.
* * * LOW HITPOINT WARNING * * *
You feel drained.
You die...
Your body crumbles into a pile of gold.

###########......#
..........#.#.#..#
#.........###.#######
###.....#.#.#........#
#
#....####.##.#.#####.#
#.##.##.# #.####.#
#.......# #....[.#
####.#### #.....## #.#
#....h# #.# #.)..{# 6#
#.# #.....### .# #.#
#.....#.. s. #.#
###.###.# .# #.# #.
#.# .# ##.## #. #.# .#
#...# #.. #.##s##.#
##..# #.####.......#


There were no monsters in sight!

Vanquished Creatures
  Erica (D:8)
  Amaemon (D:8)
  Pikel (D:8)
  An orange demon (D:8)
  Prince Ribbit (D:7)
  Sigmund (D:2)
  2 wyverns
  A steam dragon (D:6)
  3 water moccasins
  3 orc warriors
  2 black bears
  2 ogres
  A centaur (D:8)
  3 phantoms
  An elf zombie (Ossuary)
  3 kobold brigands
  2 scorpions
  2 necrophages (D:5)
  3 wights (D:6)
  4 howler monkeys
  A centaur zombie (Ossuary)
  A human zombie (Ossuary)
  6 jellies
  7 orc priests
  A gnoll shaman (D:5)
  3 hounds
  4 iguanas
  Terence (D:2)
  10 orc wizards
  A merfolk avatar (Sewer)
  A merfolk siren (Sewer)
  A hound zombie (Ossuary)
  3 mummies (Ossuary)
  9 gnolls
  7 adders
  2 river rats (Sewer)
  A white imp (D:7)
  3 adder zombies (Ossuary)
  2 worms (D:3)
  4 dart slugs
  36 orcs
  5 bats
  9 endoplasms
  8 giant cockroaches
  2 gnoll zombies (Ossuary)
  10 goblins
  8 hobgoblins
  2 jackals (D:1)
  9 quokkas
  9 ball pythons
  7 frilled lizards
  3 goblin zombies (Ossuary)
  9 hobgoblin zombies (Ossuary)
  3 jackal zombies (Ossuary)
  29 kobolds
  3 kobold zombies (Ossuary)
  3 quokka zombies (Ossuary)
  34 rats
  4 rat zombies (Ossuary)
299 creatures vanquished.

Vanquished Creatures (collateral kills)
  2 foxfires (D:5)
2 creatures vanquished.

Vanquished Creatures (others)
  356 foxfires
356 creatures vanquished.

Grand Total: 657 creatures vanquished

Notes
Turn   | Place    | Note
-------+----------+-------------------------------------------
     0 | D:1      | croobank the Draconian Fire Elementalist began the quest
                  | for the Orb.
     0 | D:1      | Reached XP level 1. HP: 14/14 MP: 3/3
   269 | D:1      | Reached XP level 2. HP: 20/20 MP: 1/5
   340 | D:1      | Learned a level 2 spell: Scorch
   876 | D:2      | Reached XP level 3. HP: 26/26 MP: 4/6
  1459 | D:2      | Reached XP level 4. HP: 33/33 MP: 5/7
  1462 | D:2      | Noticed Sigmund
  1466 | D:2      | Killed Sigmund
  1467 | D:2      | Reached XP level 5. HP: 38/38 MP: 5/9
  1470 | D:2      | Noticed Terence
  1488 | D:2      | Killed Terence
  1665 | D:2      | You are sucked into a shaft and drop 1 floor!
  1760 | D:3      | Found a faded altar of an unknown god.
  1790 | D:3      | Reached XP level 6. HP: 45/45 MP: 5/10
  2550 | D:2      | Learned a level 4 spell: Flame Wave
  3264 | D:4      | Found a sand-covered staircase.
  3273 | D:4      | Your scales start taking on a dull iron-grey colour.
  3273 | D:4      | Reached XP level 7. HP: 50/50 MP: 5/12
  3278 | Ossuary  | Entered an ossuary
  4298 | D:4      | Got the Almanac of Kismet
  5007 | D:5      | Entered Level 5 of the Dungeon
  5019 | D:5      | Reached skill level 5 in Fire Magic
  5117 | D:5      | Found a glowing drain.
  5153 | D:5      | Reached skill level 1 in Fighting
  5153 | D:5      | Reached XP level 8. HP: 59/59 MP: 5/14
  5159 | Sewer    | Entered a sewer
  5164 | Sewer    | Learned a level 3 spell: Tukima's Dance
  5431 | Sewer    | Reached skill level 1 in Hexes
  6621 | D:5      | Learned a level 3 spell: Spider Form
  6632 | D:5      | Found a staircase to the Ecumenical Temple.
  6638 | Temple   | Entered the Ecumenical Temple
  6816 | Temple   | Became a worshipper of Gozag Ym Sagoz the Greedy
  7686 | D:5      | Reached skill level 5 in Stealth
  8016 | D:6      | Upgraded the game from 0.29-a0-495-g17b79114eb to
                  | 0.29-a0-506-ga2e7fffb44
  8073 | D:6      | Reached XP level 9. HP: 69/69 MP: 3/16
  8193 | D:6      | Reached skill level 5 in Conjurations
  8750 | D:6      | Reached skill level 1 in Transmutations
  8802 | D:6      | Reached skill level 1 in Ice Magic
  8802 | D:6      | Reached skill level 1 in Poison Magic
  9050 | D:7      | Noticed Prince Ribbit
  9054 | D:7      | Killed Prince Ribbit
 10315 | D:8      | Found a staircase to the Lair.
 10545 | D:8      | Reached XP level 10. HP: 77/77 MP: 10/17
 10796 | D:8      | Noticed Amaemon
 10821 | D:8      | Noticed Erica
 10840 | D:8      | Noticed Pikel
 10849 | D:8      | Killed Pikel
 11012 | D:8      | Noticed an orange demon
 11054 | D:8      | Killed Amaemon
 11055 | D:8      | Reached skill level 5 in Transmutations
 11055 | D:8      | Reached skill level 5 in Ice Magic
 11055 | D:8      | Reached skill level 5 in Poison Magic
 11075 | D:8      | Killed an orange demon
 11231 | D:8      | Learned a level 5 spell: Blade Hands
 11260 | D:8      | Killed Erica
 11499 | D:8      | Identified the +9 trident of Severance {drain, Int+9}
 11586 | D:8      | Noticed Psyche
 11608 | D:8      | HP: 1/74 [something (6)]
 11609 | D:8      | Slain by Psyche

Illustrated notes

Levels and vault maps discovered:
D:1:      scummos_arrival_simple_fountains, layout_rooms, minmay_cupped
D:2:      layout_loops_ring, minmay_misc_feat_rugged, minmay_circled_x,
          uniq_sigmund, uniq_terence
D:3:      layout_basic, hellmonk_ecumenical_altar_lost_god, minmay_ogre_servants
D:4:      layout_loops_cross, lightli_ossuary_entry_decrepit_ruins
D:5:      layout_loops_ring, minmay_temple_entry_enclosed_plants,
          cheibrodos_sewer_entry_drain, serial_bayou_pond_a
D:6:      layout_rooms
D:7:      layout_basic, st_stairs_14, uniq_prince_ribbit1
D:8:      layout_loops_cross, lair_entry_dummy, chequers_serial_rivers_small_3,
          uniq_psyche, uniq_amaemon, uniq_pikel, uniq_erica
Temple:   mainiacjoe_temple_starburst

Skill      XL: |  1  2  3  4  5  6  7  8  9 10 |
---------------+-------------------------------+-----
Stealth        | 2 3 4 5 |  5.3
Dodging        | 2 3 4 |  4.9
Conjurations   | 2 3 4 5 |  5.1
Spellcasting   | 3 4 |  4.9
Fire Magic     | 4 5 |  5.9
Fighting       | 1 3 |  3.4
Hexes          | 2 |  2.6
Transmutations | 4 5 |  5.8
Ice Magic      | 4 5 |  5.8
Poison Magic   | 4 5 |  5.8

Action                   |  1- 3 |  4- 6 |  7- 9 | 10-12 || total
-------------------------+-------+-------+-------+-------++-------
Melee: Unarmed           |    13 |       |       |    24 ||    37
       Tailslap          |     7 |     4 |    21 |     4 ||    36
       Dagger            |    26 |    21 |       |       ||    47
       Staff             |       |    24 |   134 |    10 ||   168
       Trident           |       |       |       |    25 ||    25
Throw: Throwing net      |       |       |       |     1 ||     1
 Cast: Foxfire           |    46 |    32 |   126 |     3 ||   207
       Scorch            |     3 |    26 |   172 |    19 ||   220
       Flame Wave        |       |       |     3 |     4 ||     7
       Spider Form       |       |       |       |     1 ||     1
       Blade Hands       |       |       |       |     1 ||     1
Evoke: Wand              |       |       |       |     1 ||     1
  Use: Scroll            |    10 |     1 |     9 |     3 ||    23
       Potion            |       |     1 |     2 |     9 ||    12
Armor: Skin              |    16 |    14 |   115 |    47 ||   192
Dodge: Dodged            |    28 |    27 |   144 |    46 ||   245
Block: Buckler           |       |    12 |    67 |    19 ||    98

Table legend: (Time is in decaauts)
 A = Elapsed time spent in this place.
 B = Non-inter-level travel time spent in this place.
 C = Inter-level travel time spent in this place.
 D = Time resting spent in this place.
 E = Time spent auto-exploring this place.
 F = Levels seen in this place.
 G = Mean time per level.
                   A        B        C        D        E       F      G
               +--------+--------+--------+--------+--------+-----+--------+
         Total |  11702 |  11318 |    384 |   2123 |   6769 |  11 | 1063.8 |
       Dungeon |   9762 |   9443 |    319 |   1517 |   6042 |   8 | 1220.2 |
        Temple |    309 |    244 |     65 |      0 |    234 |   1 |  309.0 |
         Sewer |    773 |    773 |      0 |    200 |    383 |   1 |  773.0 |
       Ossuary |    857 |    857 |      0 |    406 |    110 |   1 |  857.0 |
               +--------+--------+--------+--------+--------+-----+--------+

Top non-repeatable levels by time:
     D:7: 1563 daAuts
     D:5: 1550 daAuts
     D:8: 1274 daAuts
     D:6: 1204 daAuts
     D:3: 1196 daAuts
     D:2: 1161 daAuts
     D:4: 939 daAuts
     D:1: 872 daAuts
 Ossuary: 857 daAuts
   Sewer: 773 daAuts
  Temple: 309 daAuts
